Map: Triton LE

Players

Lambo - Winner!

  • Race: Zerg Zerg
  • League: Grandmaster
  • Spawn Location: 5:00

Clem

  • Race: Terran Terran
  • League: Master
  • Spawn Location: 11:00

Event: HomeStory Cup XX

VOD

Have the link to the VOD?

Description

Time

  • Played on: Nov. 22, 2019, 4:32 a.m.
  • Length: 25:12

All games in this series

Show
View Real Time Build Order
Export as new Build Order

Lambo Zerg - Winner!

Build Orders: Hatch First 

Get SALT Encoding   

  12  0:01  Drone  
  13  0:12  Overlord  
  13  0:21  Drone  
  14  0:31  Drone x2  
  16  0:47  Hatchery  
  15  0:50  Drone  
  15  0:54  Drone  
  17  0:57  Drone  
  18  1:08  Extractor  
  17  1:12  Spawning Pool  
  17  1:15  Drone  
  17  1:18  Drone  
  18  1:28  Drone  
  19  1:38  Drone  
  20  1:49  Overlord  
  20  1:59  Queen x2  
  20  2:00  Zergling x4  
  26  2:10  Drone x2  
  26  2:11  Metabolic Boost  
  28  2:20  Drone  
  28  2:21  Drone  
  30  2:34  Drone, Overlord  
  30  2:35  Queen  
  33  2:43  Drone  
  33  2:47  Drone  
  34  2:52  Pneumatized Carapace  
  34  2:55  Drone x2  
  36  3:06  Zergling x4  
  38  3:13  Drone x4  
  38  3:19  Queen  
  42  3:20  Extractor  
  42  3:24  Overlord  
  42  3:26  Overlord  
  44  3:34  Overlord  
  44  3:40  Hatchery, Queen  
  43  3:45  Zergling x6  
  46  3:50  Zergling x4  
  46  3:51  Drone  
  46  3:55  Drone x2  
  51  4:02  Queen  
  53  4:08  Drone  
  54  4:10  Overlord  
  54  4:11  Drone  
  54  4:13  Drone  
  54  4:16  Spore Crawler  
  55  4:20  Queen, Drone x2  
  59  4:27  Evolution Chamber  
  59  4:28  Drone x2  
  59  4:30  Evolution Chamber  
  59  4:31  Drone x2  
  59  4:34  Drone x2  
  63  4:40  Spore Crawler, Drone  
  63  4:41  Drone  
  63  4:42  Drone  
  65  4:50  Overlord  
  65  4:51  Drone x3  
  68  4:59  Overlord  
  68  5:00  Queen  
  68  5:01  Drone  
  68  5:03  Zerg Melee Weapons Level 1  
  71  5:09  Zerg Ground Armor Level 1  
  71  5:12  Drone x2  
  73  5:14  Drone x2  
  73  5:15  Drone  
  76  5:22  Drone x2  
  76  5:23  Drone  
  76  5:26  Lair  
  77  5:29  Extractor, Drone  
  77  5:30  Drone x2, Baneling Nest  
  77  5:31  Extractor, Drone x2  
  77  5:35  Drone x2  
  81  5:41  Drone x3  
  82  5:44  Drone x2  
  84  5:50  Extractor x2  
  84  5:52  Drone  
  84  5:53  Drone x2  
  85  5:57  Zergling x2  
  85  5:58  Zergling x4  
  85  6:01  Hatchery  
  87  6:06  Zergling x2  
  87  6:07  Zergling x4  
  87  6:10  Zergling x6  
  93  6:17  Overlord  
  93  6:18  Zergling x8  
  93  6:24  Overlord  
  97  6:25  Overlord  
  97  6:29  Overlord  
  97  6:31  Overlord  
  97  6:33  Centrifical Hooks  
  97  6:35  Queen, Overlord  
  97  6:36  Zergling x8, Hydralisk Den  
  97  6:38  Baneling x3  
  100  6:40  Baneling x3  
  100  6:43  Queen  
  103  6:47  Zergling x16  
  103  6:49  Baneling x6  
  110  6:55  Zergling x4  
  110  6:59  Zergling x4  
  110  7:02  Zergling x2  
  110  7:04  Overlord  
  110  7:07  Zergling x4  
  113  7:11  Zerg Ground Armor Level 2  
  113  7:13  Zergling x12  
  119  7:18  Zergling x8  
  121  7:26  Zergling x8  
  124  7:32  Zergling x2  
  124  7:35  Zergling x8  
  127  7:42  Zergling x8  
  125  7:47  Zergling x10  
  125  7:50  Zergling x6  
  110  7:53  Zerg Melee Weapons Level 2  
  110  7:57  Drone  
  110  8:00  Muscular Augments  
  110  8:02  Drone x3  
  113  8:07  Drone  
  113  8:10  Zergling x6  
  113  8:15  Baneling x5  
  111  8:22  Hatchery  
  111  8:23  Zergling x26  
  111  8:24  Infestation Pit  
  114  8:33  Drone x7  
  121  8:45  Zergling x8  
  124  8:51  Zergling x10  
  124  8:55  Overlord  
  126  9:00  Zergling x12  
  132  9:05  Zergling x6  
  132  9:06  Zergling x6  
  132  9:08  Hive  
  136  9:10  Extractor  
  136  9:11  Hydralisk  
  136  9:17  Hydralisk x3  
  136  9:21  Hydralisk x10  
  162  9:24  Baneling x6  
  162  9:27  Hydralisk  
  162  9:31  Zergling x10  
  167  9:36  Baneling x7  
  167  9:37  Overseer, Baneling  
  167  9:38  Zergling x6  
  167  9:42  Drone x2  
  167  9:45  Zerg Missile Weapons Level 1  
  172  9:50  Zergling x2  
  171  9:53  Overlord  
  171  9:54  Overlord  
  171  9:59  Overlord  
  171  10:01  Queen  
  171  10:02  Baneling x5  
  171  10:03  Overlord  
  171  10:06  Overlord  
  171  10:09  Zergling x16  
  171  10:11  Overlord  
  164  10:15  Zergling x10  
  168  10:21  Zergling x14  
  168  10:23  Overlord  
  168  10:26  Zergling x8  
  157  10:31  Adrenal Glands  
  157  10:33  Ultralisk Cavern, Viper x2  
  159  10:36  Drone x5  
  159  10:40  Baneling x7  
  163  10:43  Hydralisk x2  
  163  10:46  Zergling x6  
  170  10:50  Overlord  
  158  11:00  Zerg Ground Armor Level 3  
  158  11:04  Drone x4  
  162  11:11  Zergling x4  
  162  11:12  Zergling x14  
  162  11:16  Overseer x2  
  162  11:17  Zergling x6  
  174  11:18  Baneling  
  174  11:19  Baneling x3  
  174  11:22  Zergling x6  
  174  11:23  Hatchery  
  176  11:31  Chitinous Plating  
  176  11:37  Zergling x22  
  176  11:39  Baneling x6  
  183  11:46  Zergling x16  
  187  11:49  Zergling x6  
  187  11:51  Zergling x4  
  186  11:56  Zergling x12  
  186  12:01  Drone x2  
  185  12:05  Drone x2  
  185  12:07  Baneling x11  
  184  12:13  Drone x2  
  184  12:15  Drone x3  
  187  12:17  Ultralisk  
  187  12:19  Baneling x7  
  193  12:26  Zergling x2  
  193  12:27  Zergling x10  
  199  12:33  Zergling x8  
  199  12:34  Zergling x2  
  189  12:38  Zergling x8  
  182  12:48  Ultralisk x2  
  182  12:50  Anabolic Synthesis  
  187  12:51  Zergling x18  
  187  12:56  Zergling x4  
  192  13:03  Zergling x8  
  187  13:14  Ultralisk x2  
  187  13:18  Hatchery  
  197  13:23  Zergling x8  
  197  13:28  Baneling  
  197  13:29  Baneling x8  
  197  13:31  Zergling x6  
  200  13:38  Overlord  
  200  13:47  Baneling x11  
  200  13:54  Overlord  
  200  13:55  Spore Crawler x2, Spine Crawler x2  
  196  13:57  Zergling x8  
  198  14:03  Zergling x2  
  198  14:09  Drone x16  
  198  14:10  Queen  
  198  14:11  Zerg Melee Weapons Level 3  
  198  14:14  Zergling x4  
  197  14:23  Zergling x10  
  186  14:31  Drone x3  
  186  14:33  Overseer  
  186  14:37  Zergling x4  
  177  14:41  Zerg Missile Weapons Level 2  
  177  14:42  Hydralisk x7  
  177  14:44  Zergling x2  
  177  14:45  Zergling x2  
  193  14:52  Hatchery  
  190  14:56  Zergling x14  
  196  15:03  Zergling x2  
  197  15:10  Drone x2  
  199  15:14  Spore Crawler  
  198  15:21  Baneling  
  198  15:22  Baneling x7  
  198  15:33  Overlord  
  198  15:35  Baneling  
  198  15:36  Baneling x10  
  198  15:41  Zergling x2  
  193  15:55  Zergling x2  
  193  15:56  Zergling x28  
  196  16:03  Zergling x36  
  198  16:09  Zergling x4  
  197  16:24  Spire  
  192  16:27  Lurker Den  
  189  16:34  Viper x2  
  187  16:44  Drone x7  
  187  16:45  Extractor x2  
  192  16:52  Overlord  
  192  16:53  Ultralisk  
  193  16:57  Zergling x2  
  193  16:58  Zergling x24  
  193  17:00  Baneling x20  
  198  17:04  Zergling x8  
  198  17:06  Baneling x2  
  198  17:07  Baneling x5  
  200  17:10  Zergling x6  
  200  17:12  Overseer  
  195  17:15  Zergling x2, Seismic Spines  
  195  17:17  Zergling x2  
  195  17:18  Zergling x10  
  195  17:21  Zergling x6  
  175  17:28  Zergling x2  
  158  17:31  Drone x2  
  158  17:32  Drone  
  158  17:35  Zergling x14  
  165  17:40  Drone  
  165  17:42  Drone x2  
  165  17:43  Drone  
  161  17:51  Drone x2  
  163  17:53  Overseer  
  162  18:02  Zergling x20  
  172  18:05  Drone x4  
  172  18:12  Zergling x10  
  172  18:24  Lurker x4  
  172  18:27  Extractor x2  
  170  18:28  Extractor  
  170  18:31  Adaptive Talons  
  170  18:32  Extractor, Overseer  
  167  18:43  Zergling x2  
  167  18:44  Zergling x14  
  175  18:48  Lurker  
  175  18:49  Lurker x3  
  170  19:10  Corruptor  
  170  19:11  Corruptor x4  
  170  19:12  Zergling x38  
  199  19:22  Extractor x2  
  195  19:31  Zergling x10  
  190  19:40  Corruptor x3  
  190  19:43  Zerg Flyer Weapons Level 1  
  190  19:45  Zergling x20  
  171  20:09  Zergling x52  
  177  20:16  Overseer x2  
  177  20:20  Zergling x2, Hydralisk x7  
  173  20:26  Corruptor x2  
  173  20:27  Corruptor x2  
  175  20:34  Drone x3, Hydralisk x4  
  175  20:35  Hydralisk  
  186  20:45  Hydralisk x6  
  186  20:47  Baneling x4  
  186  20:48  Overseer  
  198  20:52  Lurker x2  
  200  20:59  Lurker  
  200  21:00  Lurker  
  193  21:08  Zergling x22  
  170  21:15  Zergling x12  
  154  21:27  Zerg Missile Weapons Level 3  
  154  21:28  Hydralisk x2  
  154  21:31  Drone x2  
  160  21:44  Lurker x10  
  165  22:00  Drone  
  166  22:03  Hydralisk x2  
  166  22:04  Hydralisk  
  169  22:10  Baneling x2  
  169  22:12  Hatchery, Corruptor x2  
  169  22:21  Hydralisk x3  
  173  22:42  Hydralisk  
  173  22:43  Hydralisk x5  
  182  22:51  Drone x2  
  182  22:52  Drone  
  182  22:57  Zergling x14  
  188  23:09  Zergling x14  
  195  23:19  Zergling x6  
  185  23:21  Zergling x2  
  185  23:22  Zergling x14  
  181  23:31  Zergling x10  
  181  23:38  Overseer  
  173  23:44  Drone x2  
  173  23:45  Drone x5  
  178  23:54  Zergling x18  
  176  23:58  Drone x2  
  159  24:10  Drone x2  
  159  24:11  Drone  
  159  24:13  Drone  
  159  24:14  Drone x2  
  157  24:28  Hydralisk x7  
  157  24:30  Lurker x2  
  157  24:31  Lurker x3  
  176  24:33  Baneling x6  
  176  24:34  Overseer  
  176  24:43  Zergling x8  
  176  24:44  Overseer  
  174  24:46  Zergling x8  
  177  24:55  Baneling x4  
  177  24:57  Overseer  
Show
View Real Time Build Order
Export as new Build Order

Clem Terran 

Build Orders: Gas First Reaper Expand, Liberator Opening 

Get SALT Encoding   

  12  0:01  SCV  
  13  0:13  SCV  
  14  0:17  Supply Depot  
  14  0:25  SCV  
  15  0:29  Refinery  
  15  0:38  SCV  
  16  0:43  Barracks  
  16  0:50  SCV  
  17  1:03  SCV  
  18  1:15  SCV  
  19  1:30  Orbital Command  
  19  1:31  Reaper  
  20  1:41  Command Center  
  20  1:51  Supply Depot  
  20  2:00  Factory  
  20  2:05  SCV  
  20  2:07  Barracks Reactor  
  21  2:14  Refinery  
  21  2:17  SCV  
  22  2:29  SCV  
  23  2:41  SCV  
  24  2:47  Starport  
  24  2:52  Hellion x2  
  24  2:53  SCV  
  24  2:55  Orbital Command  
  29  3:05  Engineering Bay, SCV  
  29  3:10  Barracks Tech Lab  
  30  3:12  Liberator  
  30  3:17  Hellion  
  30  3:18  Hellion  
  34  3:22  SCV  
  34  3:23  SCV  
  38  3:34  SCV  
  38  3:36  SCV  
  39  3:45  Hellion x2  
  39  3:46  SCV  
  44  3:48  SCV  
  44  3:50  Stimpack  
  44  3:51  Supply Depot  
  45  3:58  SCV  
  46  4:08  Supply Depot  
  46  4:12  SCV x2  
  46  4:15  Command Center  
  48  4:19  Factory Tech Lab  
  48  4:21  Marine  
  48  4:22  Supply Depot  
  49  4:24  SCV x2  
  49  4:27  Starport Reactor  
  49  4:31  Barracks  
  51  4:36  Barracks  
  51  4:39  SCV  
  52  4:48  Engineering Bay  
  52  4:49  Engineering Bay  
  52  4:51  SCV  
  53  4:55  Marine, Siege Tank  
  57  5:00  SCV  
  57  5:03  SCV  
  57  5:05  Refinery  
  57  5:06  Refinery  
  59  5:12  SCV  
  59  5:13  Marine  
  61  5:14  Supply Depot  
  61  5:15  Starport Reactor  
  61  5:16  Terran Infantry Weapons Level 1  
  61  5:18  Terran Infantry Armor Level 1  
  61  5:19  Marine  
  62  5:26  SCV  
  63  5:30  Marine x2, Orbital Command  
  63  5:32  SCV  
  66  5:38  Siege Tank, SCV  
  66  5:39  Marine  
  66  5:42  Marine x2  
  68  5:44  SCV  
  68  5:45  Combat Shield  
  68  5:49  Marine x2  
  73  5:50  SCV  
  73  5:56  Medivac  
  76  5:57  Marine  
  76  5:58  Medivac  
  76  6:00  Marine x2, SCV  
  76  6:02  SCV  
  83  6:06  Orbital Command  
  83  6:08  Marine x2  
  83  6:10  Supply Depot  
  85  6:12  SCV  
  85  6:15  Marine, Siege Tank  
  85  6:18  Marine  
  91  6:20  SCV  
  91  6:22  Supply Depot  
  91  6:24  SCV  
  91  6:25  Marine  
  93  6:28  Marine x2  
  93  6:33  Marine, SCV  
  93  6:36  SCV  
  93  6:38  Marine  
  93  6:39  Supply Depot, SCV  
  98  6:40  Barracks  
  98  6:41  Barracks  
  98  6:45  SCV  
  99  6:48  SCV  
  99  6:49  Marine, Supply Depot  
  99  6:51  SCV  
  99  6:53  Siege Tank  
  105  6:56  Marine x2  
  105  6:57  SCV  
  105  7:00  SCV  
  106  7:02  Marine  
  106  7:03  SCV  
  106  7:06  Marine  
  106  7:07  Marine  
  109  7:09  SCV  
  109  7:12  SCV  
  109  7:14  Marine, Armory  
  113  7:15  SCV  
  113  7:17  Marine  
  113  7:20  Marine  
  113  7:21  SCV  
  116  7:23  Factory  
  116  7:25  SCV  
  116  7:26  Medivac x2  
  116  7:27  SCV  
  122  7:31  Siege Tank  
  122  7:33  SCV  
  124  7:37  SCV  
  124  7:39  SCV  
  124  7:41  Supply Depot  
  124  7:44  Supply Depot  
  124  7:45  SCV  
  124  7:50  Marine x2  
  107  7:52  SCV, Barracks Reactor x2  
  107  7:53  SCV  
  107  7:56  Refinery, Medivac  
  107  7:57  SCV  
  107  7:58  Marine x2  
  108  7:59  Refinery  
  108  8:01  Medivac  
  108  8:05  SCV x2  
  114  8:06  Supply Depot  
  114  8:08  Factory Reactor  
  114  8:09  SCV  
  114  8:11  Marine x2  
  114  8:12  Marine  
  118  8:17  SCV  
  118  8:19  SCV  
  117  8:21  SCV  
  117  8:23  Command Center  
  117  8:24  Terran Infantry Weapons Level 2  
  117  8:25  Marine x2  
  116  8:29  Marine x3  
  119  8:36  Marine  
  119  8:37  Marine x2, Terran Infantry Armor Level 2  
  119  8:38  Supply Depot  
  119  8:39  Terran Vehicle And Ship Armor Level 1  
  124  8:41  Widow Mine  
  124  8:44  Marine  
  124  8:45  Supply Depot  
  124  8:46  Marine  
  124  8:47  Marine  
  127  8:48  Drilling Claws  
  127  8:49  Marine x2  
  122  8:55  Marine x2  
  122  8:56  Marine x2  
  122  8:57  Barracks  
  122  8:58  Barracks x2  
  122  8:59  Widow Mine  
  122  9:02  Widow Mine  
  128  9:06  Medivac x2  
  128  9:07  Marine x5, Widow Mine  
  139  9:10  Supply Depot  
  139  9:13  Marine, Supply Depot  
  139  9:15  Marine  
  141  9:20  Marine, Widow Mine  
  144  9:28  Widow Mine, Marine  
  144  9:31  Marine  
  145  9:32  Widow Mine  
  145  9:34  Marine x2  
  145  9:35  Supply Depot  
  145  9:38  Sensor Tower  
  147  9:44  SCV x2  
  149  9:48  Barracks Tech Lab x3  
  149  9:49  Supply Depot  
  149  9:50  Widow Mine  
  149  9:52  Marauder  
  153  9:53  Marine x3  
  153  9:54  SCV  
  153  9:57  Widow Mine  
  159  10:00  Planetary Fortress  
  159  10:02  Sensor Tower  
  159  10:03  Concussive Shells  
  159  10:04  Marine  
  159  10:05  Marine  
  159  10:06  Widow Mine  
  163  10:07  SCV  
  163  10:08  SCV  
  163  10:10  Marauder x2  
  163  10:11  Marauder  
  163  10:13  Marauder  
  163  10:14  Sensor Tower  
  166  10:22  SCV x2  
  166  10:23  SCV  
  166  10:28  Medivac  
  155  10:30  Widow Mine, Marine  
  155  10:31  Marine  
  155  10:32  Marauder x2  
  155  10:33  Medivac  
  155  10:34  Marauder  
  155  10:35  SCV x2  
  169  10:36  SCV  
  169  10:42  Widow Mine  
  172  10:43  Marine x5  
  172  10:47  SCV  
  178  10:50  SCV  
  178  10:53  Marauder  
  178  10:54  Marauder  
  178  10:56  Marauder  
  162  10:57  Marine x3, Widow Mine  
  162  10:58  Medivac  
  162  10:59  Widow Mine  
  162  11:00  SCV  
  162  11:03  Terran Infantry Weapons Level 3  
  172  11:10  Command Center  
  172  11:13  Widow Mine  
  172  11:14  Marauder  
  172  11:15  Marauder, Barracks Tech Lab  
  172  11:16  Barracks Tech Lab  
  172  11:17  Marauder  
  180  11:21  Widow Mine  
  180  11:24  Supply Depot  
  182  11:26  Sensor Tower  
  182  11:27  Refinery x2, Widow Mine  
  182  11:31  Marine  
  182  11:32  Marine x3  
  188  11:33  Marine  
  188  11:35  Widow Mine  
  188  11:36  Marauder x2, Marine  
  188  11:39  Marauder  
  198  11:46  Marauder  
  200  11:47  Starport  
  181  12:02  Marine  
  181  12:05  Supply Depot  
  181  12:08  Supply Depot x2  
  180  12:09  Marine x5, Marauder, Widow Mine, SCV x2  
  180  12:10  Marauder x2, Widow Mine, SCV  
  194  12:18  Terran Infantry Armor Level 3  
  194  12:21  Medivac, SCV  
  194  12:22  Widow Mine  
  199  12:26  Command Center, SCV  
  199  12:28  Fusion Core  
  200  12:33  Widow Mine, Liberator  
  200  12:36  Widow Mine  
  198  12:41  Marine x4  
  198  12:43  Widow Mine  
  187  12:46  Planetary Fortress  
  188  12:51  Marine, Marauder x2  
  188  12:55  Widow Mine, SCV x3  
  188  12:56  Marine x3  
  194  12:59  SCV  
  194  13:03  Medivac  
  194  13:05  Terran Vehicle And Ship Armor Level 2  
  197  13:07  SCV  
  197  13:10  SCV  
  193  13:19  Refinery x2  
  193  13:20  SCV  
  193  13:21  SCV x2  
  193  13:22  Command Center  
  193  13:25  Ghost Academy  
  196  13:28  Widow Mine x2  
  200  13:34  Starport Reactor  
  200  13:36  Fusion Core  
  200  13:45  Widow Mine, Marine  
  200  13:46  Marauder, Marine x3  
  198  13:50  Liberator  
  198  14:02  Command Center  
  194  14:03  Command Center  
  194  14:06  Ghost x2  
  194  14:09  Widow Mine x3  
  198  14:13  Marine  
  163  14:24  SCV  
  163  14:29  Liberator x2  
  163  14:30  Widow Mine x2  
  154  14:32  Widow Mine  
  154  14:33  SCV  
  154  14:35  SCV  
  154  14:36  Marauder, Marine x6  
  138  14:41  Barracks  
  138  14:42  Marine x2, Barracks  
  138  14:45  Barracks  
  137  14:51  Widow Mine x2  
  137  14:52  SCV x3  
  150  14:53  Marine  
  150  14:54  Marine x5  
  150  14:55  SCV  
  150  14:57  Marauder  
  159  15:08  Marine x2  
  159  15:11  Marine  
  159  15:12  Liberator, SCV  
  159  15:13  SCV x2  
  165  15:16  Orbital Command  
  165  15:18  Ghost  
  165  15:19  Orbital Command  
  167  15:26  Advanced Ballistics  
  167  15:27  Viking, Liberator x2  
  169  15:32  SCV  
  169  15:34  Orbital Command  
  173  15:40  Liberator  
  173  15:45  Barracks Tech Lab x2  
  173  15:46  Ghost  
  181  15:51  Hi-Sec Auto Tracking, Neosteel Armor  
  181  15:54  SCV  
  181  15:55  Liberator, SCV  
  163  15:58  SCV  
  165  16:04  Orbital Command  
  165  16:07  Widow Mine  
  165  16:09  Command Center  
  165  16:10  Liberator, SCV  
  170  16:26  Ghost  
  170  16:28  Command Center  
  170  16:31  Ghost  
  177  16:37  Widow Mine  
  179  16:42  Marine x2  
  179  16:43  Liberator  
  179  16:46  SCV x2  
  180  16:47  SCV  
  180  16:50  Command Center  
  180  16:53  Widow Mine  
  178  17:04  Widow Mine  
  168  17:16  Widow Mine  
  168  17:17  Marine x2  
  168  17:18  Cyclone  
  168  17:19  Marine x2  
  156  17:25  Widow Mine  
  156  17:26  Marine x4  
  156  17:28  Marauder  
  148  17:36  Marine  
  149  17:37  Widow Mine  
  149  17:39  Marine  
  149  17:41  Marine x2  
  149  17:42  SCV  
  149  17:43  SCV  
  156  17:46  Widow Mine  
  156  17:47  SCV  
  156  17:49  Marine x2, Command Center  
  156  17:50  Marine, Widow Mine  
  164  17:52  Marine  
  164  17:53  Marauder  
  164  17:55  SCV  
  166  17:59  Widow Mine  
  166  18:01  Ghost  
  166  18:03  Marine  
  171  18:12  SCV  
  172  18:14  Ghost  
  172  18:15  Marine  
  172  18:16  Marine  
  172  18:19  SCV  
  174  18:21  SCV  
  174  18:25  Planetary Fortress  
  175  18:28  SCV  
  175  18:31  Refinery  
  176  18:35  Planetary Fortress  
  174  18:45  Ghost x2  
  174  18:48  Marine x2  
  180  18:51  Marine, Widow Mine  
  180  18:53  Marine x2  
  180  18:55  Widow Mine, Liberator  
  184  18:56  Marine, Liberator  
  184  18:57  Marine  
  186  19:04  Widow Mine  
  186  19:05  SCV  
  186  19:06  Refinery x2  
  192  19:17  Missile Turret  
  192  19:18  Missile Turret  
  192  19:22  Widow Mine  
  194  19:25  Ghost  
  194  19:26  Ghost  
  194  19:27  Barracks Tech Lab  
  194  19:30  Orbital Command  
  198  19:35  Barracks Tech Lab  
  192  19:45  Ghost  
  192  19:47  Widow Mine  
  192  19:49  Marine x5  
  199  19:54  Ghost  
  199  19:59  Ghost  
  190  20:00  Marine x3  
  190  20:01  Widow Mine  
  190  20:05  Medivac, Ghost  
  190  20:06  Marine  
  190  20:07  Marine x2, Widow Mine  
  178  20:12  Medivac  
  178  20:13  Widow Mine, Ghost  
  175  20:14  Marine  
  175  20:17  Liberator  
  161  20:23  Widow Mine, Marine  
  161  20:28  Widow Mine  
  164  20:33  Command Center  
  164  20:35  Widow Mine, Ghost  
  171  20:37  Marauder  
  171  20:38  Marauder  
  171  20:41  Marine x3  
  180  20:43  Marauder  
  180  20:46  Orbital Command  
  180  20:52  Liberator  
  180  20:53  Medivac  
  180  20:56  Nuke  
  182  20:59  Marauder x2, Widow Mine  
  182  21:00  Marine x2  
  182  21:01  Marine x2  
  192  21:04  Marauder  
  174  21:12  Medivac  
  174  21:13  Widow Mine, Marine  
  174  21:14  Marauder  
  174  21:16  Marine  
  174  21:18  Medivac, Liberator  
  175  21:22  Widow Mine, Marine  
  175  21:23  Marauder  
  174  21:32  Ghost x2  
  181  21:41  Marine x3  
  182  21:54  Liberator  
  182  21:56  Widow Mine  
  182  21:58  Marine x2, Marauder  
  182  21:59  Marine x2  
  182  22:00  Marauder  
  182  22:01  Widow Mine x2, Marine x2  
  190  22:02  Marauder, Liberator  
  197  22:16  Ghost  
  197  22:20  Liberator  
  200  22:26  Command Center  
  197  22:30  Widow Mine  
  197  22:34  Command Center  
  197  22:36  Liberator  
  180  22:44  Ghost  
  183  22:45  Ghost  
  183  22:48  Widow Mine  
  182  22:58  Ghost  
  182  22:59  Widow Mine  
  182  23:03  Widow Mine, Ghost  
  190  23:08  Marine  
  190  23:09  Widow Mine  
  193  23:13  Marauder  
  193  23:14  Marauder  
  189  23:20  Widow Mine  
  189  23:21  Medivac  
  189  23:25  Widow Mine  
  175  23:27  Ghost  
  175  23:28  Marine x2  
  175  23:31  Widow Mine  
  175  23:32  Liberator, Ghost  
  156  23:34  Ghost  
  156  23:35  Marine x2, Ghost  
  156  23:40  Medivac  
  144  23:42  Widow Mine  
  142  23:52  Orbital Command  
  142  23:54  Liberator  
  140  24:01  Marauder  
  140  24:02  Marauder  
  138  24:05  Widow Mine  
  138  24:20  Ghost  
  138  24:27  Marine  
  138  24:28  Marine x2  
  141  24:32  Marauder x2  
  141  24:34  Marine x2  
  141  24:35  Marine x3  
  141  24:37  Widow Mine  
  152  24:44  Widow Mine  
  156  24:46  Widow Mine  
  156  24:47  Marine  
  157  24:56  Ghost Academy  
Tags
 
Add a new tag
Caveats
  • Supply blocks, unpowered buildings, or Contaminate may cause inaccurate times.
  • Supply counts are checked every 10 seconds.